 Dungeon Crawl Stone Soup version 0.31.0-9-g3a7656b989 (webtiles) character file.

Game seed: 16751090520352412733

110 qw the Skirmisher (level 4, -2/25 HPs)
             Began as a Deep Elf Hunter on Feb 2, 2024.
             Slain by a gnoll
             ... wielding a +0 whip
              (9 damage)
             ... on level 3 of the Dungeon.
             The game lasted 00:00:10 (2091 turns).

qw the Skirmisher (Deep Elf Hunter)                 Turns: 2091, Time: 00:00:10

Health: -2/25      AC:  5    Str: 10    XL:     4   Next: 61%
Magic:  6/6        EV: 11    Int: 14    God:
Gold:   2          SH:  0    Dex: 18    Spells: 3/3 levels left

rFire   . . .        a - +0 shortbow
rCold   . . .        (shield currently unavailable)
rNeg    . . .        j - +0 ring mail
rPois   .            (no helmet)
rElec   .            (no cloak)
rCorr   .            (no gloves)
SInv    +            (no boots)
Will    .....        (no amulet)
Stlth   +            c - ring of see invisible
HPRegen 0.24/turn    (no ring)
MPRegen 0.10/turn

%: no passive effects
@: no status effects
A: no striking features
a: no special abilities


You were on level 3 of the Dungeon.
You visited 1 branch of the dungeon, and saw 4 of its levels.

You collected 80 gold pieces.
You spent 78 gold pieces at shops.


   Skills:
 - Level 1.5 Fighting
 + Level 8.0 Ranged Weapons
 - Level 2.4 Dodging
 - Level 1.2 Stealth


You had 3 spell levels left.
You didn't know any spells.
Your spell library was empty.

Inventory:

Hand Weapons
 a - a +0 shortbow (weapon)
Armour
 j - a +0 ring mail (worn)
Jewellery
 c - a ring of see invisible (left hand)
Potions
 g - 3 potions of curing
 h - a potion of mutation {unknown}
 i - a potion of magic {unknown}

Dungeon Overview and Level Annotations

Branches:
Dungeon (4/15)
 Temple: D:4-7

Altars:
Dithmenos

Shops:
D:3 !


Message History

You shoot an arrow. The arrow hits the adder!
You kill the adder!
You feel sick.
Your Ranged Weapons skill increases to level 8!
You start resting.
You feel sick. x4
You are no longer poisoned.
HP restored.
You climb downwards.
The gnoll hits you with a +0 whip. The gnoll misses you.
The gnoll hits you with a +0 whip! The gnoll hits you with a +0 whip.
There is a stone staircase leading up here.
2081 ||| DRINKING potion of heal wounds.
You feel much better. The gnoll misses you.
The gnoll hits you but does no damage.
2082 ||| STAIRDANCE The gnoll closely misses you.
The gnoll hits you with a +0 whip.
You climb upwards.
There is a stone staircase leading down here.
You shoot an arrow. The arrow closely misses the gnoll.
The gnoll closely misses you. The gnoll hits you with a +0 whip.
You shoot an arrow. The arrow hits the gnoll.
The gnoll is moderately wounded.
The gnoll hits you with a +0 whip. x2
You shoot an arrow. The arrow hits the gnoll.
The gnoll is severely wounded.
The gnoll barely misses you. The gnoll hits you with a +0 whip.
You shoot an arrow.
The arrow hits the gnoll but does no damage.
The gnoll is severely wounded.
The gnoll closely misses you. The gnoll hits you with a +0 whip!
You shoot an arrow. The arrow barely misses the gnoll.
The gnoll barely misses you. The gnoll closely misses you.
You shoot an arrow. The arrow barely misses the gnoll.
The gnoll misses you. The gnoll completely misses you.
You shoot an arrow. The arrow barely misses the gnoll.
The gnoll barely misses you. The gnoll hits you with a +0 whip.
You shoot an arrow. The arrow hits the gnoll.
The gnoll is almost dead.
The gnoll hits you but does no damage. The gnoll hits you with a +0 whip!
You die...

#.).....# # #.#.....# #
#.#...#.# #
#############.#...^.###
#......##.............+
#..(...(....#.##...####
#...........#.##...# #
#...........#.#..<.####
#.....@g.........).'...
#.....g######.#....####
#.###### #.#...## #.#
##### #.#...# #.# #...#
#.##### #.# #...###.#
#.#####.......#
#.........#####
#.........#


You could see 2 gnolls.

Vanquished Creatures
  5 adders
  A ribbon worm (D:3)
  3 orcs (D:3)
  2 ball pythons (D:1)
  6 bats
  7 endoplasms
  3 giant cockroaches
  4 goblins
  5 hobgoblins
  4 jackals (D:3)
  2 quokkas
  3 frilled lizards
  6 kobolds
  3 rats
54 creatures vanquished.

Notes
Turn   | Place    | Note
-------+----------+-------------------------------------------
     0 | D:1      | qw the Deep Elf Hunter began the quest for the Orb.
     0 | D:1      | Reached XP level 1. HP: 12/12 MP: 3/3
     0 | D:1      | 0 ||| qw: Version: 0.3-a-155-g5e7d8dd
     0 | D:1      | 0 ||| qw: Game counter: 895
     0 | D:1      | 0 ||| qw: Melee chars always use a shield: true
     0 | D:1      | 0 ||| qw: God list: Okawaru
     0 | D:1      | 0 ||| qw: Allow faded altars: false
     0 | D:1      | 0 ||| qw: Do Orc after clearing Dungeon:15 true
     0 | D:1      | 0 ||| qw: Do second Lair branch before Depths: true
     0 | D:1      | 0 ||| qw: Lair rune preference: random
     0 | D:1      | 0 ||| qw: Goals: Normal
     0 | D:1      | 0 ||| PLANNING D:1-11
    70 | D:1      | Reached XP level 2. HP: 16/16 MP: 4/4
    72 | D:1      | Reached skill level 6 in Ranged Weapons
   370 | D:1      | 370 ||| UPGRADING to +0 ring mail.
   380 | D:1      | 380 ||| DROPPING +0 leather armour.
   381 | D:1      | 381 ||| READING scroll labelled EXALIAM RUC TUC.
   381 | D:1      | 381 ||| IDENTIFYING purple potion
   382 | D:1      | 382 ||| READING scroll labelled RYTAIPH MUGRO.
   383 | D:1      | 383 ||| READING scroll labelled PIASKU AFEONYI.
   484 | D:1      | 484 ||| DROPPING scroll of butterflies.
   485 | D:1      | 485 ||| DROPPING potion of brilliance.
   667 | D:2      | Reached XP level 3. HP: 11/20 MP: 5/5
   782 | D:2      | Reached skill level 7 in Ranged Weapons
  1313 | D:2      | 1313 ||| UPGRADING to ring of see invisible.
  1314 | D:2      | 1314 ||| DROPPING ring of wizardry.
  1315 | D:2      | 1315 ||| READING 2 scrolls of identify.
  1315 | D:2      | 1315 ||| IDENTIFYING golden potion
  1316 | D:2      | 1316 ||| READING scroll of identify.
  1316 | D:2      | 1316 ||| IDENTIFYING orange potion
  1317 | D:2      | 1317 ||| DRINKING 2 black potions.
  1318 | D:2      | 1318 ||| DROPPING potion of attraction.
  1319 | D:2      | 1319 ||| DROPPING potion of degeneration.
  1402 | D:3      | 1402 ||| FLEEEEING.
  1403 | D:3      | 1403 ||| FLEEEEING.
  1424 | D:3      | Reached XP level 4. HP: 8/25 MP: 6/6
  1424 | D:3      | HP: 6/25 [jackal (2)]
  1640 | D:3      | Found a shadowy altar of Dithmenos.
  1789 | D:3      | 1789 ||| FLEEEEING.
  1790 | D:3      | 1790 ||| FLEEEEING.
  1791 | D:3      | 1791 ||| FLEEEEING.
  1792 | D:3      | 1792 ||| FLEEEEING.
  1797 | D:3      | 1797 ||| FLEEEEING.
  1798 | D:3      | 1798 ||| FLEEEEING.
  1799 | D:3      | 1799 ||| FLEEEEING.
  1800 | D:3      | 1800 ||| FLEEEEING.
  1801 | D:3      | 1801 ||| FLEEEEING.
  1802 | D:3      | 1802 ||| FLEEEEING.
  1803 | D:3      | 1803 ||| FLEEEEING.
  1804 | D:3      | 1804 ||| FLEEEEING.
  1805 | D:3      | 1805 ||| FLEEEEING.
  1806 | D:3      | 1806 ||| FLEEEEING.
  1807 | D:3      | 1807 ||| FLEEEEING.
  1811 | D:3      | 1811 ||| FLEEEEING.
  1812 | D:3      | 1812 ||| FLEEEEING.
  1875 | D:3      | Found Laseox's Distillery.
  1901 | D:3      | 1901 ||| SHOPLISTING 2 potions of enlightenment (130 gold,
                  | have 80).
  1901 | D:3      | 1901 ||| SHOPLISTING 3 potions of enlightenment (195 gold,
                  | have 80).
  1901 | D:3      | 1901 ||| BUYING potion of curing (39 gold).
  1901 | D:3      | Bought a potion of curing for 39 gold pieces
  1901 | D:3      | 1901 ||| BUYING potion of curing (39 gold).
  1901 | D:3      | Bought a potion of curing for 39 gold pieces
  1901 | D:3      | 1901 ||| SHOPLISTING potion of curing (39 gold, have 2).
  1901 | D:3      | 1901 ||| SHOPLISTING potion of haste (130 gold, have 2).
  1901 | D:3      | 1901 ||| SHOPLISTING potion of heal wounds (65 gold, have
                  | 2).
  1923 | D:3      | 1923 ||| READING scroll labelled DAZXEI ZAIHICS.
  1927 | D:3      | 1927 ||| READING 3 scrolls labelled ELURUM ITUDOPH.
  1928 | D:3      | 1928 ||| READING scroll labelled JAJUAR ISITYSM.
  1929 | D:3      | 1929 ||| DRINKING 2 cyan potions.
  1930 | D:3      | 1930 ||| DROPPING 2 scrolls of poison.
  1932 | D:3      | 1932 ||| Stepping ~*~*~tactically~*~*~ (cloud).
  2033 | D:4      | 2033 ||| STAIRDANCE
  2046 | D:3      | Reached skill level 8 in Ranged Weapons
  2080 | D:4      | HP: 6/25 [gnoll/+0 whip (6)]
  2081 | D:4      | 2081 ||| DRINKING potion of heal wounds.
  2082 | D:4      | 2082 ||| STAIRDANCE
  2091 | D:3      | Slain by a gnoll

Levels and vault maps discovered:
D:1:      psy_arrival_spokes, layout_rooms
D:2:      minmay_wonky_spiral, layout_basic, st_stairs_10,
          chequers_serial_rivers_small_3
D:3:      layout_basic, mainiacjoe_overflow_chevrons, serial_shops, shop
D:4:      layout_cave_pools, corexii_shack, minmay_misc_feat_columns,
          hangedman_decor_opposing, nicolae_concentric_dashed_squares_wild,
          nicolae_houndstooth_variations, uniq_pikel

Skill      XL: |  1  2  3  4 |
---------------+-------------+-----
Ranged Weapons | 6 7 8 |  8.0
Fighting       | |  1.5
Dodging        | |  2.4
Stealth        | |  1.2

Action                     |  1- 3 |  4- 6 || total
---------------------------+-------+-------++-------
   Fire: Shortbow          |   139 |    68 ||   207
    Use: Scroll            |     5 |     3 ||     8
         Potion            |     1 |     2 ||     3
 Armour: Leather armour    |     6 |       ||     6
         Ring mail         |    39 |    50 ||    89
  Dodge: Dodged            |    61 |    26 ||    87

Table legend:
 A = Non-vault XP
 B = Vault XP
 C = Vault XP percentage of total XP
 D = Non-vault monster count
 E = Vault monster count
 F = Vault count percentage of total count
                 A         B        C        D         E       F
            +---------+---------+-------+---------+---------+-------
      Total |     144 |      14 |   8.9 |      46 |       8 |  14.8
            +---------+---------+-------+---------+---------+-------
        D:1 |      31 |       0 |   0.0 |      17 |       0 |   0.0
        D:2 |      25 |      14 |  35.9 |       9 |       8 |  47.1
        D:3 |      88 |       0 |   0.0 |      20 |       0 |   0.0
            +---------+---------+-------+---------+---------+-------
